 Dungeon Crawl Stone Soup version 0.24-a0-779-g36f0aeb843 (webtiles) character file.

Game seed: 6623912463703985752, levelgen mode: deterministic

83 Kohma the Charmwright (level 4, -6/38 HPs)
             Began as a Gnoll Skald on Oct 8, 2019.
             Mangled by an ice beast (14 damage)
             ... on level 2 of the Dungeon.
             The game lasted 00:03:37 (990 turns).

Kohma the Charmwright (Gnoll Skald)                  Turns: 990, Time: 00:03:38

Health: -6/38      AC:  3    Str: 15    XL:     4   Next: 44%
Magic:  3/11       EV: 14    Int: 15    God:
Gold:   62         SH:  0    Dex: 14    Spells: 2/13 levels left

rFire    . . .     SeeInvis .   a - +0 spear
rCold    . . .     Gourm    .   (no shield)
rNeg     . . .     Faith    .   b - +0 leather armour
rPois    .         Spirit   .   (no helmet)
rElec    .         Reflect  .   (no cloak)
rCorr    .         Harm     .   (no gloves)
MR       .....                  (no boots)
Stlth    +.........             (no amulet)
HPRegen  1.12/turn              (no ring)
MPRegen  0.12/turn              (no ring)

@: infused, regenerating (expiring)
A: distributed training, fangs 1, strong nose
a: no special abilities


You were on level 2 of the Dungeon.
You were not hungry.

You visited 1 branch of the dungeon, and saw 2 of its levels.

You collected 62 gold pieces.

Inventory:

Hand Weapons
 a - a +0 spear (weapon)
Missiles
 c - 24 bolts
 h - 25 arrows
Armour
 b - a +0 leather armour (worn)
Scrolls
 e - 2 scrolls of remove curse {unknown}
 f - a scroll of identify {unknown}
 i - a scroll of blinking {unknown}
 j - a scroll of fog {unknown}
 l - a scroll of teleportation {unknown}
 o - a scroll of random uselessness {unknown}
 p - a scroll of magic mapping {unknown}
 r - a scroll of immolation {unknown}
Potions
 k - a potion of degeneration {unknown}
 m - a potion of heal wounds {unknown}
 n - a potion of curing {unknown}
 q - a potion of agility {unknown}
Comestibles
 d - a ration
 g - 6 chunks of flesh


   Skills:
 + Level 4.6 Fighting
 + Level 1.1 Short Blades
 + Level 1.1 Long Blades
 + Level 1.1 Axes
 + Level 1.1 Maces & Flails
 + Level 4.6 Polearms
 + Level 1.1 Staves
 + Level 1.1 Slings
 + Level 1.1 Bows
 + Level 1.1 Crossbows
 + Level 1.1 Throwing
 + Level 2.7 Armour
 + Level 4.6 Dodging
 + Level 1.1 Stealth
 + Level 1.1 Shields
 + Level 1.1 Unarmed Combat
 + Level 5.0 Spellcasting
 + Level 0.8 Conjurations
 + Level 0.8 Hexes
 + Level 5.4 Charms
 + Level 0.8 Summonings
 + Level 0.8 Necromancy
 + Level 0.8 Translocations
 + Level 0.8 Transmutations
 + Level 0.8 Fire Magic
 + Level 0.8 Ice Magic
 + Level 0.8 Air Magic
 + Level 0.8 Earth Magic
 + Level 0.8 Poison Magic
 + Level 1.2 Invocations
 + Level 1.1 Evocations


You had 2 spell levels left.
You knew the following spells:

 Your Spells              Type           Power        Failure   Level  Hunger
a - Infusion              Chrm           ###.         1%          1    None
b - Song of Slaying       Chrm           ###.....     3%          2    ##.....
c - Shroud of Golubria    Chrm/Tloc      ##....       9%          2    ##.....
d - Regeneration          Chrm/Necr      ##........   16%         3    ###....
e - Spectral Weapon       Hex/Chrm       ##......     16%         3    ###....

Your spell library contained the following spells:

 Spells                   Type           Power        Failure   Level  Hunger


Dungeon Overview and Level Annotations

Branches:
Dungeon (2/15)

Altars:


Innate Abilities, Weirdness & Mutations

Your experience applies equally to all skills.
You have very sharp teeth.
Your uncanny sense of smell can sniff out nearby items.


Message History

The ice beast is lightly wounded.
The ice beast hits you. The ice beast freezes you!
Your shroud falls apart!
You hit the ice beast.
The ice beast is lightly wounded.
The ice beast closely misses you.
You barely miss the ice beast.
The ice beast is lightly wounded.
The ice beast hits you. The ice beast freezes you!
* * * LOW HITPOINT WARNING * * *
You barely miss the ice beast.
The ice beast is lightly wounded.
Your skin is crawling a little less now.
The ice beast hits you but does no damage.
You hit the ice beast. You bite the ice beast.
The ice beast is moderately wounded.
The ice beast hits you.
* * * LOW HITPOINT WARNING * * *
The ice beast freezes you!
You die...

#..........#..#...# ..
#.(........#......#..#
#####..#####....#.#..#♣
#.....÷.....≈≈≈≈≈PP
##..####....≈P≈≈≈≈≈
##.## #.....≈≈≈PP≈ #..#
#.....P≈≈P≈≈
##.###....≈P≈≈≈P≈
#.......@.P≈≈≈≈≈
#..##.#.Y..≈≈≈≈≈
#..##.#..≈≈≈P≈≈≈
#..##.#...≈≈P≈P≈
#..##....P≈≈P≈≈≈
#........≈P≈≈≈P≈
##.##$...#.####♣
#.##.##...#


You could see an ice beast.

Vanquished Creatures
  Jessica (D:2)
  2 adders (D:2)
  2 dart slugs (D:1)
  A leopard gecko (D:2)
  7 bats (D:1)
  A giant cockroach (D:1)
  A goblin (D:1)
  6 hobgoblins (D:1)
  4 jackals (D:1)
  4 kobolds
  A ball python (D:2)
  A frilled lizard (D:1)
  2 rats (D:1)
33 creatures vanquished.

Notes
Turn   | Place    | Note
-------+----------+-------------------------------------------
     0 | D:1      | Kohma the Gnoll Skald began the quest for the Orb.
     0 | D:1      | Reached XP level 1. HP: 20/20 MP: 6/6
    43 | D:1      | Reached XP level 2. HP: 25/26 MP: 0/7
   130 | D:1      | Learned a level 2 spell: Song of Slaying
   160 | D:1      | Learned a level 2 spell: Shroud of Golubria
   330 | D:1      | Reached XP level 3. HP: 31/31 MP: 9/9
   460 | D:1      | Reached skill level 5 in Spellcasting
   680 | D:2      | Noticed Jessica
   692 | D:2      | Killed Jessica
   692 | D:2      | Reached skill level 1 in Short Blades
   692 | D:2      | Reached skill level 1 in Long Blades
   692 | D:2      | Reached skill level 1 in Axes
   692 | D:2      | Reached skill level 1 in Maces & Flails
   692 | D:2      | Reached skill level 1 in Staves
   692 | D:2      | Reached skill level 1 in Slings
   692 | D:2      | Reached skill level 1 in Bows
   692 | D:2      | Reached skill level 1 in Crossbows
   692 | D:2      | Reached skill level 1 in Throwing
   692 | D:2      | Reached skill level 1 in Stealth
   692 | D:2      | Reached skill level 1 in Shields
   692 | D:2      | Reached skill level 1 in Unarmed Combat
   692 | D:2      | Reached skill level 1 in Invocations
   692 | D:2      | Reached skill level 1 in Evocations
   692 | D:2      | Reached XP level 4. HP: 38/38 MP: 4/11
   858 | D:2      | Learned a level 3 spell: Regeneration
   862 | D:2      | Learned a level 3 spell: Spectral Weapon
   878 | D:2      | Noticed an ice beast
   990 | D:2      | Mangled by an ice beast

Levels and vault maps discovered:
D:1:      wander_arrival_peaceful_grave, layout_rooms
D:2:      layout_basic, serial_bayou, serial_bayou_shore_a,
          serial_bayou_crossing, serial_bayou_lake_a, serial_bayou_pond_d,
          serial_bayou_lagoon_a, st_stairs_1, uniq_jessica

Skill      XL: |  1  2  3 |
---------------+----------+-----
Spellcasting   | 5 |  5.0
Short Blades   | 1 |  1.1
Long Blades    | 1 |  1.1
Axes           | 1 |  1.1
Maces & Flails | 1 |  1.1
Staves         | 1 |  1.1
Slings         | 1 |  1.1
Bows           | 1 |  1.1
Crossbows      | 1 |  1.1
Throwing       | 1 |  1.1
Stealth        | 1 |  1.1
Shields        | 1 |  1.1
Unarmed Combat | 1 |  1.1
Invocations    | 1 |  1.2
Evocations     | 1 |  1.1
Fighting       | |  4.6
Polearms       | |  4.6
Armour         | |  2.7
Dodging        | |  4.6
Conjurations   | |  0.8
Hexes          | |  0.8
Charms         | |  5.4
Summonings     | |  0.8
Necromancy     | |  0.8
Translocations | |  0.8
Transmutations | |  0.8
Fire Magic     | |  0.8
Ice Magic      | |  0.8
Air Magic      | |  0.8
Earth Magic    | |  0.8
Poison Magic   | |  0.8

Action                   |  1- 3 |  4- 6 || total
-------------------------+-------+-------++-------
Melee: Spear             |    92 |    28 ||   120
       Bite              |     5 |     4 ||     9
 Cast: Infusion          |     2 |     2 ||     4
       Song of Slaying   |     1 |     1 ||     2
       Shroud of Golubri |     1 |     2 ||     3
       Regeneration      |       |     2 ||     2
 Stab: Sleeping          |     2 |       ||     2
  Eat: Chunk             |       |     1 ||     1
Armor: Leather armour    |    15 |     7 ||    22
Dodge: Dodged            |    57 |    24 ||    81

Table legend:
 A = Non-vault XP
 B = Vault XP
 C = Vault XP percentage of total XP
 D = Non-vault monster count
 E = Vault monster count
 F = Vault count percentage of total count
                 A         B        C        D         E       F
            +---------+---------+-------+---------+---------+-------
      Total |      82 |      37 |  31.1 |      32 |       1 |   3.0
            +---------+---------+-------+---------+---------+-------
        D:1 |      51 |       0 |   0.0 |      27 |       0 |   0.0
        D:2 |      31 |      37 |  54.4 |       5 |       1 |  16.7
            +---------+---------+-------+---------+---------+-------
